 Dungeon Crawl Stone Soup version 0.27-a0-1299-g1ab19c6527 (webtiles) character file.

Game seed: 726709066892211691

339 Hubris850 the Insei (level 6, -6/38 HPs)
             Began as an Octopode Transmuter on June 16, 2021.
             Splashed by a jelly's acid (8 damage)
             ... on level 4 of the Dungeon.
             The game lasted 00:09:33 (3918 turns).

Hubris850 the Insei (Octopode Transmuter)           Turns: 3918, Time: 00:09:34

Health: -6/38      AC:  4    Str: 10    XL:     6   Next: 55%
Magic:  9/9        EV: 14    Int: 16    God:
Gold:   224        SH:  0    Dex: 13    Spells: 5/9 levels left

rFire    + . .     SeeInvis .   j - +12 rapier "Eviscerator" {protect, rF+ Stlth+}
rCold    . . .     Faith    .   (no shield)
rNeg     . . .     Spirit   .   (helmet restricted)
rPois    .         Reflect  .   (no amulet)
rElec    .         Harm     .   (no ring)
rCorr    .         Rampage  .   (no ring)
Will     .....                  (no ring)
Stlth    ++++......             (no ring)
HPRegen  0.12/turn              (no ring)
MPRegen  0.11/turn              (no ring)
                                (no ring)
                                (no ring)

@: corroded, under a protective aura
A: almost no armour, amphibious, 8 rings, camouflage 1, gelatinous body 1,
(nimble swimmer 1), tentacles
a: no special abilities


You were on level 4 of the Dungeon.
You visited 1 branch of the dungeon, and saw 4 of its levels.

You collected 224 gold pieces.

Inventory:

Hand Weapons
 d - a +0 whip of electrocution
 j - the +12 rapier "Eviscerator" (weapon) {protect, rF+ Stlth+}
   (You found it on level 3 of the Dungeon)

   It grants its wielder temporary protection when it strikes (+7 to AC).
   It protects you from fire.
   It makes you more stealthy.
Missiles
 b - 13 poisoned darts
Wands
 k - a wand of acid (8)
Scrolls
 a - a scroll of noise {unknown}
 e - a scroll of teleportation {unknown}
 f - a scroll of enchant armour {unknown}
 g - 4 scrolls of identify {unknown}
 h - a scroll of blinking {unknown}
 l - a scroll of amnesia {unknown}
Potions
 c - a potion of heal wounds {unknown}
 i - a potion of lignification


   Skills:
 - Level 1.0 Fighting
 * Level 4.2 Dodging
 - Level 2.0 Stealth
 * Level 4.7 Unarmed Combat
 - Level 2.0 Spellcasting
 + Level 3.2 Transmutations
 - Level 2.0 Poison Magic


You had 5 spell levels left.
You knew the following spells:

 Your Spells              Type           Power      Damage    Failure   Level
a - Beastly Appendage     Tmut           22%        N/A       5%          1
b - Spider Form           Tmut/Pois      4%         N/A       22%         3

Your spell library contained the following spells:

 Spells                   Type           Power      Damage    Failure   Level
 Wereblood                Tmut           11%        N/A       9%          2
 Summon Small Mammal      Summ           4%         N/A       21%         1
 Call Imp                 Summ           1%         N/A       30%         2
 Call Canine Familiar     Summ           1%         N/A       52%         3
 Summon Guardian Golem    Hex/Summ       1%         N/A       52%         3
 Ice Form                 Ice/Tmut       6%         N/A       71%         4
 Summon Ice Beast         Ice/Summ       1%         N/A       90%         4
 Summon Lightning Spire   Summ/Air       1%         N/A       90%         4


Dungeon Overview and Level Annotations

Branches:
Dungeon (4/15)
 Temple: D:4-7

Altars:
The Shining One

Shops:
D:3 [


Innate Abilities, Weirdness & Mutations

You cannot wear most types of armour.
You are amphibious.
You can wear up to eight rings at the same time.
Your skin changes colour to match your surroundings (Stealth+).
Your rubbery body absorbs attacks. (AC +1, EV +1)
((You are camouflaged near water. (Stealth+)))
You have tentacles for arms and can constrict up to eight enemies at once.


Message History

You kill the bat!
The helpless howler monkey zombie fails to defend itself.
You impale the howler monkey zombie!!
Your weapon exudes an aura of protection.
You grab the howler monkey zombie.
The howler monkey zombie is almost destroyed.
You constrict the howler monkey zombie.
The howler monkey zombie hits you but does no damage.
You hit the howler monkey zombie.
You destroy the howler monkey zombie!
You now have 224 gold pieces (gained 8).
There is a stone staircase leading up here.
There is an open door here.
There is an open door here.
Done exploring.
(D) Dungeon
Where to? (Enter - D:3, ? - help)
There is a stone staircase leading down here.
You climb downwards.
You hear the sound of rushing water.
There is an entrance to a sewer on this level.
Hurry and find it before the portal rusts away!
A jelly comes into view.
Found 11 gold pieces, a white potion and a trident.
Found a stone staircase leading down.
There is a stone staircase leading up here.
The jelly quivers.
The jelly hits you.
You are splashed with acid.
You barely miss the jelly. The jelly hits you.
You are splashed with acid!
The jelly hits you. The acid corrodes you!
You are splashed with acid!
* * * LOW HITPOINT WARNING * * *
You hit the jelly.
Your weapon exudes an aura of protection.
Your tentacles burn!
* * * LOW HITPOINT WARNING * * *
You squeeze the jelly!
The jelly is almost dead.
The jelly hits you.
* * * LOW HITPOINT WARNING * * *
You are splashed with acid!
You die...

.###. .#..
####.#.#
#......#
#.....###
#..>....#
#.....# #..@J.#
##.....#
########..###..#
#........##
..... #.....<.##
...#
#...........#
..#..
#........#### ..
. #.......## ...
#.......#


You could see a jelly.

Vanquished Creatures
  A sky beast (D:3)
  An ogre (D:2)
  A howler monkey zombie (D:3)
  4 gnolls
  4 adders
  An ufetubus (D:3)
  A dart slug (D:2)
  An orc (D:3)
  10 bats
  3 endoplasms
  A giant cockroach (D:1)
  5 hobgoblins
  12 jackals (D:1)
  2 kobolds
  3 quokkas
  2 ball pythons
  10 frilled lizards
  3 goblins
  6 rats
71 creatures vanquished.

Notes
Turn   | Place    | Note
-------+----------+-------------------------------------------
     0 | D:1      | Hubris850 the Octopode Transmuter began the quest for the
                  | Orb.
     0 | D:1      | Reached XP level 1. HP: 13/13 MP: 3/3
    63 | D:1      | Reached XP level 2. HP: 7/18 MP: 5/5
   271 | D:1      | Reached skill level 1 in Stealth
   539 | D:1      | Reached XP level 3. HP: 12/23 MP: 4/6
  1151 | D:1      | Found a faded altar of an unknown god.
  1515 | D:2      | Reached XP level 4. HP: 11/28 MP: 5/7
  1730 | D:2      | Learned a level 3 spell: Spider Form
  1844 | D:2      | Noticed an ogre
  1913 | D:2      | Killed an ogre
  1914 | D:2      | Reached skill level 1 in Poison Magic
  1914 | D:2      | Reached XP level 5. HP: 33/33 MP: 4/8
  2774 | D:3      | Found Cairey's Armour Emporium.
  2822 | D:3      | Found a glowing golden altar of the Shining One.
  2883 | D:3      | Noticed a sky beast
  2952 | D:3      | Killed a sky beast
  2953 | D:3      | Reached XP level 6. HP: 21/38 MP: 6/9
  3171 | D:3      | Identified the +12 rapier "Eviscerator" {protect, rF+
                  | Stlth+}
  3918 | D:4      | Splashed by a jelly's acid

Illustrated notes

Levels and vault maps discovered:
D:1:      dpeg_arrival_tiny_a, layout_loops_ring,
          shapermc_ecumenical_altar_mp_vishouse
D:2:      layout_loops_cross, minmay_lizard_pond
D:3:      minmay_octagon_keep, layout_basic, amcnicky_altar_gilded,
          serial_shops, nicolae_shop_trees, serial_curves, eino_curves_03,
          eino_curves_03, grunt_ministairs_11, feat_on_display
D:4:      layout_rooms, minmay_temple_entry_waves, gammafunk_ghost_mausoleum,
          gup_sewer_entry_pipe, nicolae_shop_clearance, uniq_sigmund

Skill      XL: |  1  2  3  4  5 |
---------------+----------------+-----
Stealth        | 1 2 |  2.0
Dodging        | 3 4 |  4.2
Unarmed Combat | 4 |  4.7
Poison Magic   | 1 2 |  2.0
Transmutations | 3 |  3.2
Fighting       | |  1.0
Spellcasting   | |  2.0

Action                   |  1- 3 |  4- 6 || total
-------------------------+-------+-------++-------
Melee: Unarmed           |    65 |    34 ||    99
       Constrict         |    20 |     6 ||    26
       Tentacles         |    12 |     3 ||    15
       Punch             |     3 |       ||     3
       Kick              |     6 |     1 ||     7
       Whip              |    11 |    31 ||    42
       Rapier            |       |    21 ||    21
 Cast: Beastly Appendage |     9 |     1 ||    10
       Spider Form       |       |     5 ||     5
  Use: Potion            |       |     2 ||     2
 Stab: Sleeping          |     6 |    12 ||    18
Armor: Skin              |    14 |    10 ||    24
Dodge: Dodged            |    36 |    62 ||    98

Table legend: (Time is in decaauts)
 A = Elapsed time spent in this place.
 B = Non-inter-level travel time spent in this place.
 C = Inter-level travel time spent in this place.
 D = Time resting spent in this place.
 E = Time spent auto-exploring this place.
 F = Levels seen in this place.
 G = Mean time per level.
                   A        B        C        D        E       F      G
               +--------+--------+--------+--------+--------+-----+--------+
         Total |   3916 |   3824 |     92 |   1398 |   1789 |   4 |  979.0 |
       Dungeon |   3916 |   3824 |     92 |   1398 |   1789 |   4 |  979.0 |
               +--------+--------+--------+--------+--------+-----+--------+

Top non-repeatable levels by time:
     D:3: 1488 daAuts
     D:1: 1335 daAuts
     D:2: 1086 daAuts
     D:4: 6 daAuts
